 Dungeon Crawl Stone Soup version 0.27.0-65-ge2af304b15 (webtiles) character file.

Game seed: 3350408404874055876

2587 nxtlvl the Spear-Bearer (level 9, -1/59 HPs)
             Began as a Human Gladiator on Aug 18, 2021.
             Was a Follower of Hepliaklqana.
             Slain by a vampire (5 damage)
             ... on level 9 of the Dungeon.
             The game lasted 00:31:55 (2900 turns).

nxtlvl the Spear-Bearer (Human Gladiator)           Turns: 2900, Time: 00:31:55

Health: -1/59      AC: 13    Str: 15 (16) XL:     9   Next: 88%
Magic:  9/9        EV: 11    Int:  8 (11) God:    Hepliaklqana [*.....]
Gold:   277        SH:  0    Dex: 11 (14) Spells: 3/8 levels left

rFire    . . .     SeeInvis .   b - +1 halberd
rCold    . . .     Faith    .   (shield currently unavailable)
rNeg     . . .     Spirit   .   d - +0 swamp dragon scales
rPois    +         Reflect  .   c - +0 helmet
rElec    .         Harm     .   (no cloak)
rCorr    .         Rampage  .   e - +0 pair of gloves
Will     +....                  (no boots)
Stlth    ..........             m - amulet of the acrobat
HPRegen  0.19/turn              p - +4 ring of protection
MPRegen  0.11/turn              O - ring of willpower

@: silenced, flying (expiring)
A: reduced essence
a: Renounce Religion


You were on level 9 of the Dungeon.
You worshipped Hepliaklqana.
Hepliaklqana was aware of your devotion.
You visited 2 branches of the dungeon, and saw 10 of its levels.

You collected 277 gold pieces.

Inventory:

Hand Weapons
 a - a +0 trident
 b - a +1 halberd (weapon)
 x - a +0 broad axe
 F - a +0 quarterstaff
Missiles
 B - 14 poisoned darts (quivered)
Armour
 c - a +0 helmet (worn)
 d - +0 swamp dragon scales (worn)
 e - a +0 pair of gloves (worn)
Magical Staves
 s - a staff of death
 w - a staff of cold
Jewellery
 k - a ring of ice
 l - a ring of see invisible
 m - an amulet of the acrobat (around neck)
 o - a ring of resist corrosion
 p - a +4 ring of protection (left hand)
 O - a ring of willpower (right hand)
 P - a +4 ring of protection
Wands
 f - a wand of paralysis (1)
 C - a wand of digging (5)
Scrolls
 g - a scroll of noise
 h - a scroll of torment {unknown}
 i - 2 scrolls of magic mapping
 r - a scroll of amnesia {unknown}
 u - a scroll of teleportation {unknown}
 y - a scroll of enchant weapon
 z - a scroll of silence
 A - a scroll of fog
Potions
 j - a potion of cancellation
 q - 2 potions of mutation
 t - a potion of magic
 v - a potion of degeneration


   Skills:
 * Level 4.6 Fighting
 + Level 13.8 Polearms
 - Level 2.0 Throwing
 - Level 3.0 Dodging
 * Level 1.9 Conjurations
 * Level 1.9 Fire Magic
 * Level 1.9 Earth Magic


You had 3 spell levels left.
You knew the following spells:

 Your Spells              Type           Power      Damage    Failure   Level
z - Bolt of Magma         Conj/Fire/Erth 1%         4d4       100%        5

Your spell library contained the following spells:

 Spells                   Type           Power      Damage    Failure   Level
 Passwall                 Tmut/Erth      0%         N/A       65%         2
 Slow                     Hex            0%         N/A       78%         2
 Sublimation of Blood     Necr           0%         N/A       78%         2
 Wereblood                Tmut           0%         N/A       78%         2
 Ignite Poison            Fire/Tmut/Pois 1%         N/A       90%         3
 Mephitic Cloud           Conj/Pois/Air  1%         N/A       90%         3
 Confusing Touch          Hex            0%         N/A       95%         3
 Swiftness                Air            0%         N/A       95%         3
 Vampiric Draining        Necr           0%         2d6       95%         3
 Invisibility             Hex            0%         N/A       100%        6
 Summon Hydra             Summ           0%         N/A       100%        7


Dungeon Overview and Level Annotations

Branches:
Dungeon (9/15)             Temple (1/1) D:4
   Lair: D:8-11         Orc: D:9-12

Altars:
Ashenzari
Cheibriados
Dithmenos
Elyvilon
Fedhas
Gozag
Hepliaklqana
Kikubaaqudgha
Makhleb
Nemelex Xobeh
Okawaru
Ru
Uskayaw
Wu Jian
Xom
Zin
The Shining One

Shops:
D:3 (   D:6 =

Annotations:
D:9 1 runed translucent door, bronco's ghost, novice DDEE


Message History

You remove your +4 ring of protection.
O - a ring of willpower (right hand)
You bump into the rock wall.
Something hits you. Something bites you but does no damage.
You bump into the rock wall.
You feel less confused. Something hits you but does no damage.
Something bites you but does no damage.
Okay, then.
You slash something! Something hits you. Something bites you!
Something draws strength from your injuries!
You miss something. You closely miss something.
You are starting to lose your buoyancy.
Something draws life force from you!
You closely miss something. Something hits you but does no damage.
Something bites you!
Something draws strength from your injuries!
You closely miss something. Something hits you.
Something bites you but does no damage.
You closely miss something. Something hits you but does no damage.
Something bites you but does no damage.
You miss something. Something hits you!
* * * LOW HITPOINT WARNING * * *
Something bites you but does no damage.
Okay, then.
As you read the scroll labelled OHEENA ENIOTAWKUJ, it crumbles to dust.
You feel aware of your surroundings.
It was a scroll of magic mapping.
Something hits you but does no damage. Something bites you but does no damage.
As you read the scroll labelled FAGOKAW TOHOCU, it crumbles to dust.
You hear a loud clanging noise!
It was a scroll of noise.
Something hits you but does no damage. Something bites you but does no damage.
As you read the scroll labelled ZORCHO SYNI, it crumbles to dust.
It is a scroll of enchant weapon.
Your +0 halberd glows red for a moment.
Something hits you!
* * * LOW HITPOINT WARNING * * *
Something bites you but does no damage.
As you read the scroll labelled NOCAFE DIEPU, it crumbles to dust.
A profound silence engulfs you.
It was a scroll of silence.
Something hits you.
You die...

,,,*******,,,,,* *****,******
**** ***+*** #.* * * **,* #.# *
***,,* #.# * *,,,** #####.####
* ##+##### #........### ###
#......# #........... ..#
####......###### #........##.
..#
#.('......'{@..###........###
..###.##......####..##........#
....†.##......# ##...........#
..######......# ####........#
.$# ######## #........# ###
#........# ##########


There were no monsters in sight!

Vanquished Creatures
  A centaur zombie (D:6)
  Maggie (D:6)
  A black bear (D:6)
  A necrophage (D:8)
  3 wolves (D:9)
  3 scorpions
  A water moccasin skeleton (D:4)
  8 killer bees
  2 howler monkeys
  A bullfrog skeleton (D:7)
  2 jellies
  An orc priest (D:8)
  A centaur skeleton (D:7)
  5 hounds
  An iguana (D:5)
  2 orc wizards (D:6)
  A gnoll (D:2)
  4 adders
  An ufetubus (D:4)
  4 dart slugs
  7 orcs
  4 endoplasms
  4 goblins
  5 hobgoblins (D:2)
  10 jackals
  4 ball pythons
  5 bats
  3 kobolds
  2 rats (D:2)
88 creatures vanquished.

Vanquished Creatures (collateral kills)
  Grum (D:9)
  A bullfrog (D:8)
  A killer bee (D:9)
  A centaur zombie (D:8)
4 creatures vanquished.

Vanquished Creatures (others)
  An ancestor (D:9)
1 creature vanquished.

Grand Total: 93 creatures vanquished

Notes
Turn   | Place    | Note
-------+----------+-------------------------------------------
     0 | D:1      | nxtlvl the Human Gladiator began the quest for the Orb.
     0 | D:1      | Reached XP level 1. HP: 16/16 MP: 1/1
   115 | D:2      | Reached XP level 2. HP: 20/22 MP: 2/2
   337 | D:2      | Reached skill level 4 in Polearms
   337 | D:2      | Reached XP level 3. HP: 27/27 MP: 3/3
   559 | D:2      | Reached XP level 4. HP: 33/33 MP: 4/4
   762 | D:1      | Found a faded altar of an unknown god.
   806 | D:3      | Found Cutz's Weapon Boutique.
  1106 | D:4      | Reached skill level 5 in Polearms
  1112 | D:4      | Reached XP level 5. HP: 25/38 MP: 5/5
  1134 | D:4      | Found a sparkling altar of Nemelex Xobeh.
  1261 | D:4      | Found a staircase to the Ecumenical Temple.
  1269 | Temple   | Entered the Ecumenical Temple
  1320 | Temple   | Became a worshipper of Hepliaklqana the Forgotten
  1359 | D:4      | Reached skill level 6 in Polearms
  1375 | D:4      | Reached skill level 12 in Polearms
  1375 | D:4      | Reached XP level 6. HP: 42/44 MP: 6/6
  1455 | D:5      | Entered Level 5 of the Dungeon
  1484 | D:5      | Reached skill level 13 in Polearms
  1484 | D:5      | Reached XP level 7. HP: 50/50 MP: 7/7
  1735 | D:6      | Reached XP level 8. HP: 55/56 MP: 8/8
  1751 | D:6      | Noticed Maggie
  1767 | D:6      | Killed Maggie
  1817 | D:6      | Found Oxkiaq's Jewellery Shop.
  1891 | D:6      | Reached XP level 9. HP: 34/65 MP: 9/9
  1893 | D:6      | Found a burning altar of Makhleb.
  1983 | D:6      | Found an opulent altar of Gozag.
  2107 | D:6      | Learned a level 5 spell: Bolt of Magma
  2293 | D:7      | Found a glowing golden altar of the Shining One.
  2312 | D:7      | Reached * piety under Hepliaklqana
  2349 | D:8      | Found a hide-covered altar of Uskayaw.
  2469 | D:8      | Reached skill level 1 in Conjurations
  2469 | D:8      | Reached skill level 1 in Fire Magic
  2469 | D:8      | Reached skill level 1 in Earth Magic
  2687 | D:9      | Noticed Grum
  2703 | D:9      | Killed Grum
  2766 | D:9      | Found a runed translucent door.
  2766 | D:9      | Noticed bronco's ghost (novice DDEE)
  2900 | D:9      | Slain by a vampire

Illustrated notes

Levels and vault maps discovered:
D:1:      sevenhm_arrival_forest_fort_large_2, layout_rooms,
          chequers_ecumenical_altar_island
D:2:      layout_loops_ring, serial_co_window_serial, co_window_corner_a,
          co_window_of_opportunity_a, co_window_paths_b, co_window_paths_a,
          co_window_of_opportunity_a, co_window_paths_a, co_window_corner_a,
          co_window_broadway_c, co_window_broadway_c, co_window_cross_2,
          co_window_corner_cb, co_window_corner_cb, co_window_of_opportunity_b,
          glass_columns_a, glass_columns_a, minmay_tetromino_l4
D:3:      layout_loops_corners, trog_wizard, serial_shops, shop_statue,
          minmay_stone_trees_small
D:4:      layout_basic, mainiacjoe_overflow_24_doors,
          minmay_temple_entry_glassed_door
D:5:      layout_basic, nicolae_qazlal_general_emergency,
          minmay_misc_feat_alley, minmay_quadrilaterals
D:6:      layout_basic, nicolae_gozag_seed_capital, makhleb_heckhound_becter,
          serial_shops, nicolae_shop_statue_plus, uniq_maggie
D:7:      kennysheep_six_static_rooms, layout_cave_pools, tso_oasis_becter,
          kennysheep_potato, uniq_crazy_yiuf_cottage
D:8:      layout_basic, nicolae_uskayaw_dance_hall
D:9:      layout_roguey, gammafunk_ghost_grave, minmay_variable_closet,
          st_stairs_11, uniq_grum, uniq_joseph
Temple:   nicolae_temple_hex_pool

Skill      XL: |  1  2  3  4  5  6  7  8  9 |
---------------+----------------------------+-----
Polearms       | 4 5 12 13 | 13.8
Fighting       | 3 4 |  4.6
Conjurations   | 1 |  1.9
Fire Magic     | 1 |  1.9
Earth Magic    | 1 |  1.9
Throwing       | |  2.0
Dodging        | |  3.0

Action                   |  1- 3 |  4- 6 |  7- 9 || total
-------------------------+-------+-------+-------++-------
Melee: Trident           |    71 |    89 |   178 ||   338
       Halberd           |       |       |    87 ||    87
Throw: Throwing net      |       |     1 |     2 ||     3
Invok: Recall Ancestor   |       |       |     2 ||     2
Evoke: Wand              |       |       |     4 ||     4
  Use: Scroll            |       |     3 |     7 ||    10
       Potion            |       |     1 |     6 ||     7
 Stab: Paralysed         |       |       |     9 ||     9
       Invisible         |       |       |     5 ||     5
       Held in net/web   |       |       |     1 ||     1
Armor: Leather armour    |     3 |       |       ||     3
       Ring mail         |    20 |    32 |     3 ||    55
       Plate armour      |       |       |    27 ||    27
       Swamp dragon scal |       |       |    82 ||    82
Dodge: Dodged            |    31 |    32 |   109 ||   172
